 Dungeon Crawl Stone Soup version 0.30-a0-883-g5ad918d77d (webtiles) character file.

Game seed: 1587654758530694718

385 Maxmaps the Trooper (level 6, 0/78 HPs)
             Began as a Demonspawn Monk on Mar 16, 2023.
             Slain by an orc
             ... wielding a +0 dagger
              (1 damage)
             ... while paralysed by a hornet
             ... on level 4 of the Dungeon.
             The game lasted 00:02:34 (2503 turns).

Maxmaps the Trooper (Demonspawn Monk)               Turns: 2503, Time: 00:02:34

Health: 0/78       AC: 23    Str: 11 (12) XL:     6   Next: 48%
Magic:  6/6        EV:  2    Int: 11 (13) God:
Gold:   186        SH:  0    Dex: 14 (15) Spells: 5/5 levels left

rFire   . . .      SeeInvis .      - Unarmed
rCold   . . .      Faith    .    (no shield)
rNeg    . . .      Spirit   .    d - melded +0 ring mail
rPois   +          Reflect  .    (helmet currently unavailable)
rElec   .          Rampage  .    m - melded +0 cloak
rCorr   .          NoTele   +    (gloves currently unavailable)
Will    .....                    (boots currently unavailable)
Stlth   ++                       (no amulet)
HPRegen 0.33/turn                (no ring)
MPRegen 0.10/turn                (no ring)

@: paralysed, mighty, brilliant, agile, tree-form, hasted and slowed
A: stationary, stasis, torment immunity, boosted hp, (claws 1), (hooves 1),
(horns 1), powered by pain 2
a: no special abilities


You were on level 4 of the Dungeon.
You were a tree.
You visited 1 branch of the dungeon, and saw 4 of its levels.

You collected 186 gold pieces.

Inventory:

Armour
 a - a +0 robe
 d - a +0 ring mail (melded)
 m - a +0 cloak (melded)
Jewellery
 o - a +4 ring of protection
 t - a ring of fire
Wands
 s - a wand of flame (8)
Scrolls
 c - 6 scrolls of magic mapping {unknown}
 f - a scroll of noise {unknown}
 g - a scroll of teleportation {unknown}
 i - a scroll of brand weapon {unknown}
 l - 2 scrolls of enchant weapon {unknown}
 p - a scroll of fear {unknown}
 q - 3 scrolls of identify {unknown}
 r - a scroll of summoning {unknown}
Potions
 b - a potion of ambrosia
 j - 2 potions of haste
 n - 2 potions of might {unknown}


   Skills:
 - Level 6.0 Fighting
 - Level 2.6 Dodging
 - Level 1.7 Stealth
 + Level 4.7 Unarmed Combat


You had 5 spell levels left.
You didn't know any spells.
Your spell library contained the following spells:

 Spells                   Type           Power      Damage    Failure   Level
 Freeze                   Ice            0%         1d3       34%         1
 Necrotise                Necr           0%         1d4       34%         1
 Lesser Beckoning         Tloc           0%         N/A       47%         2
 Frozen Ramparts          Ice            0%         1d1       71%         3
 Gell's Gravitas          Tloc           0%         N/A       71%         3
 Hailstorm                Conj/Ice       0%         3d3       71%         3
 Teleport Other           Tloc           0%         N/A       71%         3
 Vampiric Draining        Necr           0%         2d6       71%         3
 Ice Form                 Ice/Tmut       0%         N/A       98%         4
 Agony                    Necr           0%         N/A       100%        5
 Simulacrum               Ice/Necr       0%         N/A       100%        6
 Borgnjor's Revivificati  Necr           0%         N/A       100%        8
 Necromutation            Tmut/Necr      0%         N/A       100%        8
 Death's Door             Necr           0%         N/A       100%        9


Dungeon Overview and Level Annotations

Branches:
Dungeon (4/15)
 Temple: D:4-7

Altars:
Xom

Shops:
D:2 [


Innate Abilities, Weirdness & Mutations

You are a tree.
Your roots penetrate the ground, keeping you stationary.
You cannot be teleported.
You are immune to unholy pain and torment.
Your maximum health is greatly increased.
Your equipment is partially melded.
((You have sharp fingernails.))
((You have large cloven feet.))
((You have a pair of small horns on your head.))
You sometimes gain power by taking damage.


Message History

Your +0 cloak melds into your body.
Your +0 ring mail melds into your body.
Your roots penetrate the ground.
The hornet stings you but does no damage.
The orc hits you but does no damage.
You smack the hornet!
The hornet is moderately wounded.
You feel yourself speed up. The hornet stings you.
You feel yourself slow down.
The hornet stings you but does no damage.
The orc hits you but does no damage.
You barely miss the hornet.
The hornet is moderately wounded.
The hornet stings you.
* * * LOW HITPOINT WARNING * * *
The orc hits you but does no damage.
You closely miss the hornet.
The hornet is moderately wounded.
The hornet stings you but does no damage.
You smack the hornet!
The hornet is heavily wounded.
The hornet stings you but does no damage.
The orc hits you but does no damage.
The hornet stings you but does no damage.
You barely miss the hornet. You punch the hornet, but do no damage.
The hornet is heavily wounded.
You feel yourself speed up. The orc hits you but does no damage.
The hornet stings you.
* * * LOW HITPOINT WARNING * * *
You hit the hornet.
The hornet is heavily wounded.
The hornet stings you!
* * * LOW HITPOINT WARNING * * *
You focus on the pain.
You feel very mighty all of a sudden.
You suddenly lose the ability to move!
The orc hits you with a +0 dagger.
* * * LOW HITPOINT WARNING * * *
The hornet stings you.
* * * LOW HITPOINT WARNING * * *
You feel yourself slow down. The orc hits you with a +0 dagger.
You die...

?........#######
................
................
..............
?.......$... ..........##
#......oO..#
#####.#o#..#+####
......#♣#.......#
......y.###.....#
......#..........
....>...#.....(..
........'........
##################........
.................'........
##################........
..... .##.#####


You could see a hornet, an ogre and 2 orcs.

Vanquished Creatures
  Sigmund (D:2)
  A phantom (D:4)
  A jelly (D:2)
  Ijyb (D:3)
  An iguana (D:3)
  An adder (D:3)
  4 worms
  A dart slug (D:3)
  An orc (D:4)
  4 endoplasms
  3 giant cockroaches
  6 goblins
  5 hobgoblins
  2 jackals (D:2)
  A quokka (D:2)
  7 ball pythons
  5 bats
  A frilled lizard (D:1)
  9 kobolds
  A rat (D:2)
56 creatures vanquished.

Vanquished Creatures (others)
  2 fungi (D:4)
2 creatures vanquished.

Grand Total: 58 creatures vanquished

Notes
Turn   | Place    | Note
-------+----------+-------------------------------------------
     0 | D:1      | Maxmaps the Demonspawn Monk began the quest for the Orb.
     0 | D:1      | Reached XP level 1. HP: 18/18 MP: 1/1
   251 | D:1      | Gained mutation: You sometimes gain a little power by
                  | taking damage. [demonic ancestry]
   251 | D:1      | Reached XP level 2. HP: 21/24 MP: 2/2
   859 | D:2      | Noticed Sigmund
   889 | D:2      | Killed Sigmund
   890 | D:2      | Reached skill level 5 in Fighting
   890 | D:2      | Gained mutation: You sometimes gain power by taking damage.
                  | [demonic ancestry]
   890 | D:2      | Reached XP level 3. HP: 10/33 MP: 3/3
   890 | D:2      | Discovered your monstrous ancestry.
   890 | D:2      | Gained mutation: You have a pair of small horns on your
                  | head. [demonic ancestry]
   890 | D:2      | Reached XP level 4. HP: 12/39 MP: 4/4
   890 | D:2      | Gained mutation: You have sharp fingernails. [demonic
                  | ancestry]
   890 | D:2      | Reached XP level 5. HP: 14/45 MP: 5/5
  1491 | D:2      | Found Ummacvam's Armour Shoppe.
  1495 | D:2      | Reached skill level 6 in Fighting
  1746 | D:3      | Found a shimmering altar of Xom.
  1747 | D:3      | Found a shimmering altar of Xom.
  1748 | D:3      | Found a shimmering altar of Xom.
  1750 | D:3      | Found a shimmering altar of Xom.
  1750 | D:3      | Found a shimmering altar of Xom.
  1750 | D:3      | Found a shimmering altar of Xom.
  1751 | D:3      | Found a shimmering altar of Xom.
  1751 | D:3      | Found a shimmering altar of Xom.
  1949 | D:3      | Gained mutation: You have large cloven feet. [demonic
                  | ancestry]
  1949 | D:3      | Reached XP level 6. HP: 34/52 MP: 6/6
  1957 | D:3      | Noticed Ijyb
  1962 | D:3      | Killed Ijyb
  2483 | D:4      | Noticed a hornet
  2493 | D:4      | Paralysed by a hornet for 2 turns
  2502 | D:4      | Paralysed by a hornet for 3 turns
  2503 | D:4      | HP: 1/78 [hornet (3)]
  2503 | D:4      | Slain by an orc

Illustrated notes

Levels and vault maps discovered:
D:1:      minmay_arrival_stair_chambers, layout_basic
D:2:      minmay_door_path, layout_rooms, serial_shops, nicolae_diamond_shop,
          uniq_sigmund
D:3:      layout_loops_ring, xom_redecorated, uniq_ijyb
D:4:      layout_basic, minmay_temple_entry_statues_fountains,
          uniq_crazy_yiuf_cottage, uniq_natasha

Skill      XL: |  1  2  3  4  5  6 |
---------------+-------------------+-----
Unarmed Combat | 3 4 |  4.7
Fighting       | 5 6 |  6.0
Dodging        | |  2.6
Stealth        | |  1.7

Action                     |  1- 3 |  4- 6 || total
---------------------------+-------+-------++-------
  Melee: Unarmed           |   117 |    97 ||   214
         Punch             |     4 |     4 ||     8
         Headbutt          |       |    13 ||    13
         Kick              |       |     5 ||     5
    Use: Potion            |       |     4 ||     4
   Stab: Sleeping          |     1 |     2 ||     3
 Armour: Ring mail         |    31 |    25 ||    56
         Robe              |     3 |       ||     3
         Skin              |       |    10 ||    10
  Dodge: Dodged            |    55 |    38 ||    93

Table legend: (Time is in decaauts)
 A = Elapsed time spent in this place.
 B = Non-inter-level travel time spent in this place.
 C = Inter-level travel time spent in this place.
 D = Time resting spent in this place.
 E = Time spent auto-exploring this place.
 F = Levels seen in this place.
 G = Mean time per level.
                   A        B        C        D        E       F      G
               +--------+--------+--------+--------+--------+-----+--------+
         Total |   2488 |   2432 |     56 |    161 |   1773 |   4 |  622.0 |
       Dungeon |   2488 |   2432 |     56 |    161 |   1773 |   4 |  622.0 |
               +--------+--------+--------+--------+--------+-----+--------+

Top non-repeatable levels by time:
     D:3: 792 daAuts
     D:2: 780 daAuts
     D:1: 747 daAuts
     D:4: 167 daAuts
